[Event "*** SCC Grand Prix: Titled Tuesday Blitz"]
[Site "Chess.com"]
[Date "2020.06.23"]
[Round "6"]
[White "Mikhal867"]
[Black "zmeeed67"]
[Result "1-0"]
[WhiteElo "2330"]
[BlackElo "2441"]
[TimeControl "180+1"]
[EndTime "11:06:52 PDT"]
[Termination "Mikhal867 won on time"]

1. e4 Nc6 2. Nf3 d6 3. d4 Nf6 4.
Nc3 Bg4 5. Be2 g6 6. O-O Bg7 7. Be3 O-O 8. Qd2 Nd7 9. d5 Bxf3 10. Bxf3 Ncb8 11. Bd4 Bxd4 12. Qxd4 c6 13. Rfe1 cxd5 14. exd5 Re8 15. g3 Na6 16. Nb5 Nc7 17. a4 a6 18. Nc3 Rc8 19. a5 Nb5 20. Nxb5 axb5 21.
c3 Rc4 22. Qd2 Ra4 23. b4 Rxa1 24. Rxa1 Qc7 25. Be2 Ne5 26. Kg2 Rc8 27. Rc1 Nc4 28. Qd4 Ra8 29. Bxc4 Qxc4 30. Qxc4 bxc4 31. Re1 Kf8 32. Re4 Rc8 33. Kf3 Ke8 34. Ke3 Kd7 35. Kd4 e5+ 36. dxe6+ fxe6 37. Rh4 h5 38. g4 Rf8 39.
gxh5 g5 40. Rg4 Rxf2 41. Rxg5 Rxh2 42. Kxc4 d5+ 43. Kc5 Rh3 44. Rg7+ Kc8 45. Kd6 Kb8 46. Rg8+ Ka7 47. Rh8 Rxc3 48. Kxe6 d4 49. h6 Rh3 50.
Kf5 d3 51. Kg5 Ka6 52. Rd8 Kb5 53. Rd4 1-0

[Event "*** SCC Grand Prix: Titled Tuesday Blitz"]
[Site "Chess.com"]
[Date "2020.06.23"]
[Round "6"]
[White "argentum049"]
[Black "tan275"]
[Result "0-1"]
[WhiteElo "2373"]
[BlackElo "2269"]
[TimeControl "180+1"]
[EndTime "11:06:53 PDT"]
[Termination "tan275 won on time"]

1. d4 d5 2. c4 e6 3. Nf3 Nf6 4. Nc3 Be7 5. Bg5 h6 6. Bxf6 Bxf6 7. Rc1 O-O 8. Qc2 c6 9. e4 dxe4 10. Nxe4 Qa5+ 11. Qc3 Qxc3+ 12. Rxc3 Be7 13. Be2 Bb4 14.
O-O Bxc3 15. bxc3 Nd7 16. c5 Nf6 17. Nd6 Ne8 18. Ne5 Nxd6 19. cxd6 Rd8 20. Nc4 b5 21. Na5 Rxd6 22. Bf3 Ba6 23. Rb1 Rc8 24. Nb3 b4 25. Nc5 Bc4 26. Rxb4 Bxa2 27. Rb7 Bd5 28. Bh5 g6 29.
Be2 a5 30. c4 Bxc4 31. Bxc4 Rxd4 32. Be2 Rd2 33. Kf1 Rc2 34. Nd3 a4 35. Ra7 Ra2 36.
f4 c5 37. Ne5 a3 38. Bc4 Ra1+ 39. Ke2 Rf8 40. Nxf7 Rb8 41. Ne5 Rb2+ 42. Kf3 a2 43.
Bxe6+ Kf8 0-1

[Event "*** SCC Grand Prix: Titled Tuesday Blitz"]
[Site "Chess.com"]
[Date "2020.06.23"]
[Round "6"]
[White "felipelobo"]
[Black "kakakz"]
[Result "0-1"]
[WhiteElo "2111"]
[BlackElo "2348"]
[TimeControl "180+1"]
[EndTime "11:06:53 PDT"]
[Termination "kakakz won on time"]

1. e4 c5 2. Nc3 d6 3. f4 Nf6 4. Nf3 g6 5. Bc4 Bg7 6. d3 Nc6 7. O-O O-O 8. Qe1 Nd4 9. Nxd4 cxd4 10. Ne2 d5 11. exd5 Nxd5 12. Qf2 Nb6 13. Bb3 a5 14. a3 a4 15. Ba2 Ra5 16. Bd2 Rb5 17. b4 Bg4 18. h3 Bxe2 19. Qxe2 e6 20. Rae1 Rh5 21. f5 Rxf5 22. Rxf5 gxf5 23. Qh5 Qf6 24. Bg5 Qg6 25. Qh4 Rc8 26. Bb1 Nd5 27. Bd2 h5 28. Qf2 Bf6 29. Qf3 h4 30. Kh1 Kg7 31. Rf1 Be5 32. Qf2 Qg3 33.
Qxg3+ hxg3 34. Rf3 f4 35. Rf1 Kg6 36. Rf3 Nc3 0-1

[Event "*** SCC Grand Prix: Titled Tuesday Blitz"]
[Site "Chess.com"]
[Date "2020.06.23"]
[Round "6"]
[White "rpragchess"]
[Black "realmadridtv"]
[Result "0-1"]
[WhiteElo "2781"]
[BlackElo "2494"]
[TimeControl "180+1"]
[EndTime "11:06:56 PDT"]
[Termination "realmadridtv won on time"]

1. Nf3 Nf6 2. g3 b6 3. Bg2 Bb7 4. O-O g6 5. c4 Bg7 6. d4 O-O 7. d5 b5 8. Nfd2 a6 9. e4 d6 10. Nb3 c6 11. Bd2 a5 12. dxc6 Bxc6 13. e5 dxe5 14.
Bxc6 Nxc6 15. cxb5 Nd4 16. Nc3 a4 17. Nxd4 exd4 18.
Nxa4 e5 19. Qb3 e4 20. b6 Nd5 21. b7 Rb8 22. Nc5 e3 23. Ba5 Qd6 24. Rac1 Bh6 25.
Ne4 Qa6 26. Qxd5 e2 27. Rfe1 Bxc1 28. Rxc1 Rfe8 29. Qxd4 Qxa5 30. Nf6+ Kf8 31. Nd7+ Kg8 32. Nf6+ Kf8 33. Nxh7+ Kg8 34. Nf6+ Kf8 35. Qd6+ Kg7 36. Nxe8+ Rxe8 37. b8=Q e1=Q+ 38. Rxe1 Qxe1+ 39. Kg2 Qe4+ 40. Kg1 Qe1+ 41. Kg2 Qe4+ 42. f3 Qc2+ 43. Kh3 Qf5+ 44. Kg2 Re2+ 45. Kg1 Qb1+ 0-1

[Event "*** SCC Grand Prix: Titled Tuesday Blitz"]
[Site "Chess.com"]
[Date "2020.06.23"]
[Round "6"]
[White "MateSchmate"]
[Black "Violord"]
[Result "1/2-1/2"]
[WhiteElo "2470"]
[BlackElo "2621"]
[TimeControl "180+1"]
[EndTime "11:06:56 PDT"]
[Termination "Game drawn by repetition"]

1. e4 g6 2. d4 Bg7 3. f4 d5 4. e5 c5 5. c3 Nc6 6. Nf3 Bg4 7. Be3 cxd4 8. cxd4 Nh6 9. Bd3 O-O 10. h3 Nf5 11.
Bxf5 Bxf5 12. Nc3 f6 13. O-O fxe5 14. Nxe5 Nxe5 15. fxe5 Qd7 16. Qb3 e6 17. Nb5 Bc2 18. Qxc2 Qxb5 19. a4 Qb6 20. Rxf8+ Rxf8 21. Rf1 Rxf1+ 22.
Kxf1 Qa6+ 23. Kf2 Bf8 24. b3 Qc6 25. Qxc6 bxc6 26. Bd2 c5 27. Bc3 Kf7 28. Ke2 Ke8 29.
Kd3 Kd7 30. dxc5 Bxc5 31. b4 Bg1 32. b5 Kc7 33. a5 Kb7 34. g4 Bc5 35. Bd4 Bb4 36.
Bc3 Be7 37. Bd4 Bd8 38. Bc3 Bc7 39. Kd4 Bd8 40. Kc5 Be7+ 41. Kd4 Bd8 42. Bb4 Bc7 43. Bd2 Bd8 44. Bb4 Bh4 45. Bd2 Bf2+ 46. Kd3 Bg3 47. Kd4 Bh2 48. Bc3 Bg1+ 49. Kd3 Bc5 50. Bd2 Bf2 51. Bc3 Bg3 52. Kd4 Bh2 53. Kd3 h5 54. gxh5 gxh5 55. Bd4 Bg3 56. Bc3 Bf2 57. Bd4 Be1 58.
Bc3 Bf2 59. Bd4 Be1 60. Bc3 Bf2 1/2-1/2

[Event "*** SCC Grand Prix: Titled Tuesday Blitz"]
[Site "Chess.com"]
[Date "2020.06.23"]
[Round "6"]
[White "Munkhzul_Turmunkh"]
[Black "BigAl"]
[Result "1-0"]
[WhiteElo "2629"]
[BlackElo "2462"]
[TimeControl "180+1"]
[EndTime "11:06:57 PDT"]
[Termination "Munkhzul_Turmunkh won on time"]

1. e4 c6 2. d4 d5 3. e5 Bf5 4. Nf3 e6 5. Be2 Ne7 6. O-O Ng6 7. Nbd2 Nf4 8. Nb3 Nxe2+ 9. Qxe2 Be7 10. Be3 O-O 11.
Rac1 Nd7 12. Rfd1 Rc8 13. h3 h6 14. a4 Bh7 15. Nfd2 Kh8 16. c4 dxc4 17. Nxc4 Nb6 18. Nc5 Nxc4 19. Rxc4 Rb8 20. b4 Qd5 21. Rc3 Rfd8 22. Qf3 Qxf3 23. gxf3 Rd5 24. b5 cxb5 25.
axb5 Bf5 26. Kg2 Kh7 27. Ra1 b6 28. Ne4 Rb7 29. Rac1 Rbd7 30. Rc8 Rxb5 31. R1c7 Rxc7 32. Rxc7 Bb4 33. Rxa7 Kg6 34. Rb7 Ba5 35. Nd6 Rd5 36. Nxf5 exf5 37. f4 Rd8 38. Kf3 f6 39. Ke2 fxe5 40.
fxe5 f4 41. Bxf4 Kf5 42. Be3 g5 43. Kd3 Ke6 44. Ke4 Rd7 45. Rb8 b5 46. Ra8 Bd8 47. d5+ Ke7 48. Bc5+ Ke8 49. e6 Rc7 50. Bb6 Rc4+ 51.
Ke5 Ke7 52. Bxd8+ Ke8 53. Bf6+ 1-0

[Event "*** SCC Grand Prix: Titled Tuesday Blitz"]
[Site "Chess.com"]
[Date "2020.06.23"]
[Round "6"]
[White "dopolian"]
[Black "szachuspl"]
[Result "0-1"]
[WhiteElo "2356"]
[BlackElo "2564"]
[TimeControl "180+1"]
[EndTime "11:06:57 PDT"]
[Termination "szachuspl won by resignation"]

1. e4 c5 2. Nf3 e6 3. d4 cxd4 4.
Nxd4 Nc6 5. Nc3 a6 6. g3 Nf6 7. Bg2 Qc7 8. O-O Be7 9. a4 d6 10.
Nb3 O-O 11. Be3 b6 12. f4 Bb7 13. Qe2 Rac8 14. g4 Nd7 15. Rad1 Rfe8 16. g5 Na5 17. Nxa5 bxa5 18. h4 Qc4 19. Qf2 Bf8 20. Rd4 Qc7 21. Rd2 g6 22. h5 Bg7 23. hxg6 hxg6 24. Ne2 Red8 25. f5 exf5 26. exf5 Bxg2 27. Qxg2 gxf5 28. c3 Qc6 29. Qxc6 Rxc6 30. Rxf5 Ne5 31. Bd4 Rb8 32. Bxe5 Bxe5 33. Nd4 Rc4 34. Nf3 Rg4+ 35. Kf2 Bg3+ 36.
Kf1 Rxa4 37. Kg2 Bf4 38. Re2 Rb7 39. Nd4 Be5 40. Nc6 Ra2 41. Nxe5 dxe5 42. Rfxe5 Rbxb2 43. Rxb2 Rxb2+ 44. Kf3 Rb5 45. Re8+ Kg7 46. Ra8 Rxg5 47. Rxa6 Rc5 48. Ke4 Kf8 49. Kd4 Rh5 50. c4 Ke7 51.
c5 a4 52. Kc4 Rh4+ 53. Kb5 Kd7 54. Ra7+ Ke6 55. c6 f5 56. Kb6 Rb4+ 57. Kc7 f4 58. Ra8 f3 59. Rf8 Rb3 60. Kd8 Rd3+ 61. Kc8 a3 62. c7 a2 63. Re8+ Kf7 64. Kb8 Rb3+ 65. Kc8 0-1

[Event "*** SCC Grand Prix: Titled Tuesday Blitz"]
[Site "Chess.com"]
[Date "2020.06.23"]
[Round "6"]
[White "kingofkolkata"]
[Black "dey2580"]
[Result "0-1"]
[WhiteElo "2211"]
[BlackElo "2554"]
[TimeControl "180+1"]
[EndTime "11:07:01 PDT"]
[Termination "dey2580 won by checkmate"]

1. d4 Nf6 2. c4 e6 3. g3 Bb4+ 4. Bd2 Qe7 5. Bg2 Nc6 6. Nf3 Ne4 7. O-O Bxd2 8. Nbxd2 Nxd2 9. Qxd2 d6 10. d5 Nb8 11.
e4 e5 12. Rac1 b6 13. b4 a5 14. a3 O-O 15. c5 axb4 16. axb4 bxc5 17. bxc5 Na6 18.
cxd6 cxd6 19. Ra1 Bg4 20. Rfb1 Nc5 21. Qe3 Rxa1 22. Rxa1 Qb7 23. Rc1 Qb2 24. h3 Bxf3 25. Bxf3 Nb3 26. Rc6 Nd2 27. Kg2 h6 28. Qc3 Qxc3 29.
Rxc3 f5 30. exf5 Rxf5 31. Bg4 Rxf2+ 32. Kxf2 Ne4+ 33. Ke3 Nxc3 34. Be6+ Kf8 35. Kd3 Nb5 36. Ke4 Nd4 37. Bg4 Ke7 38. Bd1 Kf6 39. h4 Nf5 40.
Kf3 g5 41. hxg5+ Kxg5 42. g4 Nd4+ 43. Ke4 Nb5 44. Bb3 Kxg4 45. Bc4 Nd4 46. Ba6 h5 47. Bc8+ Kg3 48. Kd3 h4 49. Kc4 h3 50. Bxh3 Kxh3 51. Kb4 Kg4 52. Ka5 Kf5 53. Kb6 Ke4 54. Kc7 Kxd5 55. Kd7 e4 56. Ke7 e3 57. Kf6 e2 58.
Kg5 e1=Q 59. Kf4 Qf2+ 60. Kg4 Qf5+ 61. Kg3 Qf3+ 62. Kh2 Qg4 63. Kh1 Ke4 64. Kh2 Kf3 65. Kh1 Qg2# 0-1

[Event "*** SCC Grand Prix: Titled Tuesday Blitz"]
[Site "Chess.com"]
[Date "2020.06.23"]
[Round "6"]
[White "Skatchkov_V"]
[Black "goldaxe"]
[Result "1-0"]
[WhiteElo "2557"]
[BlackElo "2309"]
[TimeControl "180+1"]
[EndTime "11:07:02 PDT"]
[Termination "Skatchkov_V won by resignation"]

1. Nf3 Nf6 2. g3 g6 3. Bg2 Bg7 4. d4 d5 5. c4 c6 6. O-O O-O 7. a4 Ne4 8. Nc3 Nxc3 9. bxc3 dxc4 10. e4 c5 11. Be3 cxd4 12. cxd4 Nc6 13. Rc1 Na5 14.
h3 f5 15. Re1 fxe4 16. Ng5 e5 17. d5 Nb3 18. Rxc4 Nd4 19. Bxe4 h6 20. Bxg6 hxg5 21.
Qh5 Nf3+ 22. Kg2 Nxe1+ 23. Kf1 Rf6 24. Qh7+ Kf8 25. Bc5+ Rd6 26. Kxe1 b6 27. Ba3 Bb7 28. Rc3 Bxd5 29. Rd3 Bg8 30. Rxd6 Qe7 31. Rd8+ Rxd8 32. Bxe7+ Kxe7 33. Qxg7+ Kd6 34. Bf7 Bxf7 35. Qxf7 Rd7 36. Qf6+ Kd5 37. Qxg5 1-0

[Event "*** SCC Grand Prix: Titled Tuesday Blitz"]
[Site "Chess.com"]
[Date "2020.06.23"]
[Round "6"]
[White "Panterov"]
[Black "Unknown_IM"]
[Result "0-1"]
[WhiteElo "2156"]
[BlackElo "2379"]
[TimeControl "180+1"]
[EndTime "11:07:02 PDT"]
[Termination "Unknown_IM won by resignation"]

1. e4 e6 2. b3 d5 3. Bb2 dxe4 4. Nc3 Nf6 5. Qe2 Nc6 6. Nxe4 Be7 7. O-O-O Nxe4 8.
Qxe4 Bf6 9. d4 Ne7 10. h4 Nd5 11. g4 Bd7 12. g5 Be7 13. Bg2 Bc6 14. Qg4 Qd7 15. Ne2 O-O-O 16. Rhe1 h6 17. Bxd5 Bxd5 18. f4 hxg5 19. fxg5 f5 20. gxf6 Bxf6 21. h5 Qc6 22. Rf1 Be4 23. Nc3 Bf5 24. Rxf5 exf5 25. Qxf5+ Kb8 26. d5 Qd7 27. Qf3 Qf7 28. Kb1 Qxh5 29. Qd3 Qe5 30. a4 Rd7 31. a5 Rhd8 32. a6 Qd6 33. axb7 Kxb7 34. Qf3 Kb8 35. Nb5 Qb6 36. Bxf6 Qxf6 37. Nd4 Qxf3 38. Nxf3 Rxd5 39. Rg1 Rf5 40.
Nh4 Rf7 41. Kb2 Rg8 42. Rg6 Rf6 43. Rg5 g6 44. b4 Kc8 45. Kb3 Kd7 46. c3 Ke7 47.
Ng2 Rf5 48. Rg3 g5 49. Ne3 Re5 50. Nc4 Re4 51. Nd2 Rf4 52. Nc4 g4 53. Ne5 Kf6 54. Nd7+ Ke6 55. Nc5+ Ke7 56. Re3+ Kf7 57. Ne6 Rf3 58.
Re4 g3 59. Nd4 0-1

[Event "*** SCC Grand Prix: Titled Tuesday Blitz"]
[Site "Chess.com"]
[Date "2020.06.23"]
[Round "6"]
[White "francyIM"]
[Black "andriipalchuk"]
[Result "0-1"]
[WhiteElo "2563"]
[BlackElo "2378"]
[TimeControl "180+1"]
[EndTime "11:07:03 PDT"]
[Termination "andriipalchuk won by checkmate"]

1. d4 Nf6 2. c4 e6 3. Nc3 Bb4 4. f3 c5 5. d5 d6 6. e4 b5 7. Bd2 Bxc3 8. Bxc3 b4 9. Bd2 O-O 10. Be3 e5 11. Bd3 a5 12. Ne2 Nbd7 13. O-O g6 14.
Ng3 Ne8 15. f4 exf4 16. Bxf4 Qe7 17. Qd2 Ne5 18. Bg5 f6 19. Bh6 Ng7 20. h3 Bd7 21. Ne2 Rf7 22. Nf4 Re8 23. Rae1 a4 24. Bb1 Nxc4 25. Qe2 Ne5 26. g4 f5 27. exf5 gxf5 28.
g5 Qd8 29. Kg2 Qb6 30. Qf2 Qb7 31. Kh2 Rfe7 32. Bxg7 Rxg7 33. Nh5 Rf8 34. Nxg7 Kxg7 35. Rd1 Qc8 36. Qh4 Qe8 37. Qh6+ Kg8 38. Qh4 Ng6 39.
Qe1 Qxe1 40. Rdxe1 Ne5 41. Kg3 Kg7 42. h4 h6 43. Kf4 Ng6+ 44. Kg3 Ne5 45. gxh6+ Kxh6 46.
Rg1 f4+ 47. Kf2 f3 48. h5 Ng4+ 49. Rxg4 Bxg4 50. Re7 Kxh5 51. Bd3 Kg5 52. Rg7+ Kf4 53. Re7 Bf5 54. Bb5 Be4 55. Re6 Bxd5 56. Rxd6 Ke5 57. Rh6 a3 58. bxa3 bxa3 59. Ra6 Bxa2 60. Rxa3 Bd5 61.
Re3+ Kd6 62. Rd3 Rf4 63. Ba6 Rd4 64. Re3 c4 65. Rc3 Rd2+ 66. Ke3 Re2+ 67. Kd4 Re4# 0-1

[Event "*** SCC Grand Prix: Titled Tuesday Blitz"]
[Site "Chess.com"]
[Date "2020.06.23"]
[Round "6"]
[White "Michaelson_11"]
[Black "ljuks68"]
[Result "0-1"]
[WhiteElo "2073"]
[BlackElo "2380"]
[TimeControl "180+1"]
[EndTime "11:07:03 PDT"]
[Termination "ljuks68 won on time"]

1. e4 e6 2. d4 d5 3. Nc3 Bb4 4. e5 Ne7 5. a3 Bxc3+ 6. bxc3 c5 7. Qg4 Qc7 8. Bd3 cxd4 9. Ne2 O-O 10. cxd4 f5 11. exf6 Rxf6 12. Bg5 Rf7 13. O-O e5 14. Qg3 Nbc6 15. dxe5 Qxe5 16. Bf4 Qh5 17. Nc3 Nf5 18.
Bxf5 Qxf5 19. Rfe1 Bd7 20. Be5 Re8 21. f4 Nxe5 22.
fxe5 Bc6 23. Rad1 Rd7 24. Qd3 Rxe5 25. Qxf5 Rxf5 26. Ne2 Rdf7 27. Nd4 Rf2 28. Re8+ Rf8 29. Rxf8+ Rxf8 30. Re1 Rf4 31. c3 Kf7 32. g3 Re4 33. Rxe4 dxe4 34. Kf2 Kf6 35. Ke3 Ke5 36. Nb3 Kd5 37.
Na5 g5 38. c4+ Kc5 39. h4 gxh4 40. gxh4 h5 41. Kf4 Kd4 42. c5 Kd3 43. Nb3 e3 44.
Kg5 Kc3 45. Nc1 Kd2 46. Nb3+ Kc2 47. Nd4+ Kd3 48. Nb3 Bd5 0-1

[Event "*** SCC Grand Prix: Titled Tuesday Blitz"]
[Site "Chess.com"]
[Date "2020.06.23"]
[Round "6"]
[White "kingmonkey2006"]
[Black "eightbyeightchess"]
[Result "1-0"]
[WhiteElo "2582"]
[BlackElo "2410"]
[TimeControl "180+1"]
[EndTime "11:07:04 PDT"]
[Termination "kingmonkey2006 won by resignation"]

1. e4 d5 2. exd5 Nf6 3. Bb5+ Bd7 4. Bc4 Bg4 5. f3 Bf5 6. Nc3 Nbd7 7. g4 Bg6 8. Nge2 a6 9. Nf4 b5 10. Bb3 Nc5 11. g5 Nh5 12. Nxh5 Bxh5 13. d3 Nxb3 14. axb3 e6 15. dxe6 fxe6 16. Qe2 Qd7 17. Bd2 Be7 18. Ne4 O-O 19. Rf1 a5 20. Ng3 Bg6 21. h4 Qd4 22.
Qxe6+ Kh8 23. O-O-O Ba3 24. Bc3 Qxc3 25. bxa3 Qa1+ 26.
Kd2 Qxa3 27. Qg4 a4 28. h5 Be8 29. h6 Qe7 30. Rde1 Qf7 31. b4 Bd7 32. Qd4 Kg8 33. Nh5 Bf5 34. hxg7 Qxh5 35. gxf8=Q+ Rxf8 36. Qd5+ Kg7 37. f4 Qh2+ 38. Re2 Qh5 39. Re7+ Rf7 40. Qxf7+ Qxf7 41.
Rxf7+ Kxf7 42. c4 bxc4 43. dxc4 a3 44. Ra1 Be6 45. Kc3 Kg6 46. Rxa3 Kf5 47. Ra7 Kxf4 48.
Rxc7 Kxg5 49. Rxh7 1-0

[Event "*** SCC Grand Prix: Titled Tuesday Blitz"]
[Site "Chess.com"]
[Date "2020.06.23"]
[Round "6"]
[White "mamey78"]
[Black "Escanor89"]
[Result "0-1"]
[WhiteElo "2348"]
[BlackElo "2566"]
[TimeControl "180+1"]
[EndTime "11:07:04 PDT"]
[Termination "Escanor89 won on time"]

1. e4 c5 2. Nf3 d6 3. d4 cxd4 4. Nxd4 Nf6 5. Nc3 Nc6 6. Bc4 e5 7. Nf5 Be6 8. Bb3 Nxe4 9. Bxe6 fxe6 10. Nxg7+ Bxg7 11. Qh5+ Kd7 12. Nxe4 Kc7 13. O-O Qe8 14. Qd1 Rd8 15. c3 Qg6 16. Qe2 Rhg8 17. b4 d5 18.
Nc5 Bf8 19. f4 Bxc5+ 20. bxc5 e4 21. Be3 Kc8 22. Rab1 Rd7 23. Rb2 Qg4 24. Qd2 Rg6 25.
Rf2 Qf5 26. Rb1 h5 27. Qb2 Rgg7 28. a4 h4 29. Rd1 Rc7 30. Kh1 h3 31. g3 Na5 32.
Bd4 Nc4 33. Qe2 Rg6 34. Rff1 Rf7 35. Be3 Qg4 36. Qe1 Qf5 37. Bd4 Rg8 38. Be3 Rg6 39. Bd4 Rg4 40. Be3 e5 41. Bc1 exf4 0-1

[Event "*** SCC Grand Prix: Titled Tuesday Blitz"]
[Site "Chess.com"]
[Date "2020.06.23"]
[Round "6"]
[White "Firouzja2003"]
[Black "BilodeauA"]
[Result "1/2-1/2"]
[WhiteElo "3129"]
[BlackElo "2873"]
[TimeControl "180+1"]
[EndTime "11:07:06 PDT"]
[Termination "Game drawn - insufficient material"]

1. d4 d5 2. Nf3 Nf6 3. Bg5 c5 4. e3 Nc6 5. Bxf6 gxf6 6. c4 cxd4 7. exd4 Bg4 8. Nc3 dxc4 9. Bxc4 Bxf3 10. Qxf3 Qxd4 11.
Bb5 Qe5+ 12. Kf1 Rc8 13. Re1 Qc5 14. Qxf6 Rg8 15. Qf3 Bg7 16. Qg4 Rd8 17. a4 Kf8 18. Ne4 Qb4 19. Qh5 h6 20. h4 a6 21. Bxc6 Qc4+ 22. Kg1 Qxc6 23. Rh3 Bxb2 24. Rf3 Qg6 25.
Qxg6 Rxg6 26. Rb3 Be5 27. Rxb7 Rd4 28. g3 Rxa4 29. Kg2 Ra2 30. Rd7 a5 31. Rd5 f6 32.
Nc5 Rxg3+ 33. Kf1 Rf3 34. Re2 Rxe2 35. Kxe2 Ra3 36. Nd7+ Kf7 37. Nxe5+ fxe5 38. Rxe5 Ra4 39. Ke3 Rxh4 40. Rxa5 Rb4 41. f4 Rb6 42. Kf3 Kg6 43. Kg4 e6 44. Re5 Rd6 45. Rxe6+ Rxe6 46. f5+ Kf6 47. fxe6 Kxe6 48. Kh5 Ke5 49. Kxh6 1/2-1/2

[Event "*** SCC Grand Prix: Titled Tuesday Blitz"]
[Site "Chess.com"]
[Date "2020.06.23"]
[Round "6"]
[White "swisspower96"]
[Black "Matibar"]
[Result "0-1"]
[WhiteElo "2625"]
[BlackElo "2822"]
[TimeControl "180+1"]
[EndTime "11:07:06 PDT"]
[Termination "Matibar won by resignation"]

1. d4 e6 2. c4 b6 3. e4 Bb7 4. Bd3 Bb4+ 5. Kf1 Nc6 6. Nf3 Be7 7. Nc3 d6 8. g3 Nf6 9. Kg2 O-O 10. h3 a5 11. a3 e5 12. d5 Nb8 13. Be3 Na6 14. Bc2 Nd7 15. Rb1 g6 16. Bh6 Re8 17. b4 Bf8 18. Bg5 f6 19. Be3 axb4 20. axb4 Qe7 21. Qd2 Qf7 22. Nh4 Be7 23. Qe2 Nf8 24. Kh2 Nb8 25. Rhf1 Nbd7 26. Nb5 Rec8 27. Ra1 Bd8 28. Ng2 f5 29. exf5 gxf5 30. f4 e4 31. g4 Nf6 32.
Nd4 fxg4 33. hxg4 c5 34. dxc6 Bxc6 35. Nxc6 Rxa1 36. Nxd8 Qa7 37. g5 Rxf1 38. Qxf1 Ng4+ 39. Kg3 Nxe3 40. Qe2 Nxg2 41. Qxe4 Rxd8 42. Qd5+ Qf7 43.
Qxg2 Qxc4 44. Be4 d5 45. Bf5 Qc3+ 46. Kg4 Qg7 47. Qe2 Qf7 48. Bd3 Qe6+ 49. Qxe6+ Nxe6 50. f5 Nf8 51. f6 Kf7 52. Kf5 Re8 53. Bb5 Re1 54.
Bc6 Rf1+ 55. Kg4 Rd1 56. Kf5 Ne6 57. Bd7 Nd4+ 58. Kf4 Rf1+ 59. Ke5 Nf3+ 60. Kd6 Nxg5 0-1

[Event "*** SCC Grand Prix: Titled Tuesday Blitz"]
[Site "Chess.com"]
[Date "2020.06.23"]
[Round "6"]
[White "Thipsay"]
[Black "tsvet2005"]
[Result "0-1"]
[WhiteElo "2475"]
[BlackElo "2638"]
[TimeControl "180+1"]
[EndTime "11:07:06 PDT"]
[Termination "tsvet2005 won by resignation"]

1. e4 c5 2. Nf3 d6 3. d4 cxd4 4.
Nxd4 Nf6 5. Nc3 a6 6. Be2 e5 7. Nb3 Be7 8. O-O O-O 9. Kh1 b5 10. a4 b4 11. Nd5 Nxd5 12. Qxd5 Ra7 13. Be3 Be6 14. Qd2 Rd7 15. f4 d5 16. f5 dxe4 17. Qe1 Bd5 18. a5 Nc6 19. Bxa6 Bxb3 20. cxb3 Nxa5 21. Bb5 Rb7 22. Ba4 Qc8 23. h3 Rd8 24. Rc1 Qb8 25. f6 gxf6 26. Bh6 Kh8 27. Qxe4 Rc7 28.
Rcd1 Rcc8 29. Rd5 Nb7 30. Bb5 Nd6 31. Rxd6 Qxd6 32. Bc4 Qd4 33. Qf5 Rxc4 34. bxc4 Qxc4 35. Kh2 Rg8 36. Re1 Qe6 37. Qe4 f5 38. Qxe5+ Qxe5+ 39. Rxe5 Bd6 40. Bf4 Bxe5 41. Bxe5+ Rg7 42. Bxg7+ Kxg7 43. Kg3 Kf6 44. Kf4 h6 45. b3 Ke6 46. g3 Kf6 47.
Kf3 Ke5 48. Ke3 h5 49. h4 f6 50. Kf3 f4 51. gxf4+ Kf5 52. Ke3 Kg4 53. Ke4 Kxh4 54. Kf3 f5 55. Ke3 Kg4 0-1

[Event "*** SCC Grand Prix: Titled Tuesday Blitz"]
[Site "Chess.com"]
[Date "2020.06.23"]
[Round "6"]
[White "MatyChess1"]
[Black "Pavel_Mir"]
[Result "1-0"]
[WhiteElo "2540"]
[BlackElo "2342"]
[TimeControl "180+1"]
[EndTime "11:07:06 PDT"]
[Termination "MatyChess1 won by checkmate"]

1. d4 Nf6 2. c4 c6 3. Nf3 d5 4. g3 g6 5. Qa4 dxc4 6. Qxc4 Bg7 7. Bg2 O-O 8. O-O b5 9. Qc2 Bf5 10. Qb3 Be6 11. Qc2 Bf5 12. Qd1 Qc8 13. Re1 Bh3 14. Bh1 Rd8 15. Qc2 Na6 16. Bg5 c5 17. dxc5 Qxc5 18. Qxc5 Nxc5 19. Nc3 b4 20. Nb5 a6 21. Nbd4 h6 22. Bd2 a5 23. Nc6 Re8 24. Be3 Na4 25. Bd4 Ra6 26. Rac1 Ne4 27. Rc2 Bf5 28. Bxg7 Kxg7 29. Nfd4 e5 30. Nxf5+ gxf5 31. g4 Nxb2 32. gxf5 Rxc6 33. Rxc6 Nc3 34. a3 Rb8 35. axb4 axb4 36. Bg2 Nbd1 37. Be4 b3 38. f6+ Kf8 39. Bd3 b2 40. Kg2 Ke8 41. Ra6 Kd7 42. Bf5+ Kc7 43.
Ra7+ Kb6 44. Rxf7 Ka6 45. Rd7 b1=Q 46. Bxb1 Ne3+ 47. fxe3 Nxb1 48. Rc1 Rb2 49. f7 Rxe2+ 50. Kf3 Nd2+ 51. Rxd2 Rxd2 52. f8=Q Rf2+ 53. Kxf2 e4 54. Qb4 h5 55. Ra1# 1-0

[Event "*** SCC Grand Prix: Titled Tuesday Blitz"]
[Site "Chess.com"]
[Date "2020.06.23"]
[Round "6"]
[White "H3nriqueTV"]
[Black "Justinz"]
[Result "1-0"]
[WhiteElo "2221"]
[BlackElo "2380"]
[TimeControl "180+1"]
[EndTime "11:07:06 PDT"]
[Termination "H3nriqueTV won by checkmate"]

1. e4 c5 2. Nf3 d6 3. Nc3 Nf6 4. d4 cxd4 5. Nxd4 a6 6. Be2 e5 7.
Nb3 Be7 8. Be3 Be6 9. O-O Nbd7 10. a4 Rc8 11. a5 O-O 12. Bf3 Re8 13. Re1 Qc7 14.
Nd2 Qc6 15. Nf1 Nc5 16. Bg5 Red8 17. Bxf6 Bxf6 18. Ne3 Be7 19. Ned5 Bf8 20. Nb6 Rb8 21. Ncd5 Bxd5 22. Nxd5 Ne6 23. c3 g6 24. Bg4 Nc5 25. b4 Ne6 26. Qd2 Kh8 27. Rac1 Bg7 28. h4 Rf8 29. Qd3 Rbd8 30. h5 Bh6 31. Rcd1 Nf4 32.
Qg3 Kg7 33. hxg6 hxg6 34. Qh4 Qc4 35. Qf6+ Kh7 36. Ne7 Ne6 37. Nf5 Bg5 38. Be2 Qxc3 39. Rd3 Qxe1+ 40. Bf1 Bxf6 41. Rh3+ Kg8 42. Ne3 Bg7 43. Nd5 f5 44. exf5 Nf4 45. Re3 Nxd5 46. Rxe1 gxf5 47. Bc4 Kh8 48. Bxd5 Rd7 49. Re3 Re7 50.
Rh3+ Bh6 51. Rxh6+ Kg7 52. Rxd6 e4 53. Bc4 f4 54.
Kf1 e3 55. Ke2 exf2+ 56. Kxf2 Rf6 57. Rd8 Re4 58. Bd3 Rxb4 59. Rd7+ Rf7 60. Rd6 Rb2+ 61.
Kf3 Rb3 62. Kg4 Rf6 63. Rd7+ Kf8 64. Kg5 Rf7 65. Rd8+ Ke7 66. Rd4 f3 67. gxf3 Rxf3 68. Bf5 Rg3+ 69. Bg4 Ra3 70. Rd7+ Ke8 71. Rxb7 Rxa5+ 72. Kf4 Rxg4+ 73. Kxg4 Rb5 74. Ra7 a5 75. Kf4 Rb4+ 76.
Ke5 a4 77. Kd6 Kd8 78. Ra8+ Rb8 79. Rxb8# 1-0

[Event "*** SCC Grand Prix: Titled Tuesday Blitz"]
[Site "Chess.com"]
[Date "2020.06.23"]
[Round "6"]
[White "Ranindu2003"]
[Black "LionTheLeon_06"]
[Result "0-1"]
[WhiteElo "2506"]
[BlackElo "2696"]
[TimeControl "180+1"]
[EndTime "11:07:07 PDT"]
[Termination "LionTheLeon_06 won by resignation"]

1. e4 c5 2. Nf3 d6 3. d4 cxd4 4. Nxd4 Nf6 5. Nc3 a6 6. Be3 e5 7.
Nb3 Be6 8. f3 h5 9. Nd5 Bxd5 10.
exd5 Nbd7 11. Qd2 g6 12. Be2 e4 13. f4 Bg7 14. O-O Ng4 15. Bd4 Bxd4+ 16. Qxd4 Ngf6 17. f5 g5 18. Rae1 Kf8 19. Kh1 Qe7 20. Na5 Ne5 21.
c4 h4 22. b4 h3 23. g3 Rd8 24. Nb3 Kg7 25. Qe3 g4 26. Nd2 Ned7 27. Rf4 Rde8 28. Bxg4 Qe5 29. Be2 Qb2 30. a3 Ne5 31. Nxe4 Nxc4 32.
Qf3 Ne5 33. Qe3 Nxd5 34. Qf2 Nxf4 35. Qxf4 Nd3 36. Qg5+ Kf8 37. f6 Rxe4 38. Qg7+ Ke8 39.
Qxh8+ Kd7 40. Qh5 Nxe1 41. Qf5+ Re6 0-1

[Event "*** SCC Grand Prix: Titled Tuesday Blitz"]
[Site "Chess.com"]
[Date "2020.06.23"]
[Round "6"]
[White "Kapitan_Bayan"]
[Black "diamonds13"]
[Result "1-0"]
[WhiteElo "2447"]
[BlackElo "2256"]
[TimeControl "180+1"]
[EndTime "11:07:08 PDT"]
[Termination "Kapitan_Bayan won by resignation"]

1. d4 Nf6 2. Nf3 e6 3. Bg5 c5 4.
e3 cxd4 5. exd4 d5 6. c3 Be7 7.
Nbd2 Nbd7 8. Bd3 h6 9. Bh4 O-O 10. O-O a6 11. a4 b6 12. Re1 Bb7 13. Qe2 Rc8 14. Ne5 Nb8 15. f4 Nfd7 16. Bxe7 Qxe7 17. f5 Nxe5 18. Qxe5 Rc6 19. Nf3 Qf6 20. Qxf6 gxf6 21.
Re3 Nd7 22. Rae1 Re8 23. fxe6 fxe6 24. Bf5 Nf8 25. Nh4 Kf7 26. Bg4 Ke7 27. Nf5+ Kd7 28.
Nxh6 Bc8 29. Bh5 Re7 30. Ng8 Rh7 31. Nxf6+ Kd6 32. Nxh7 Nxh7 33. h4 Nf6 34. Bf3 Bd7 35.
g4 Ke7 36. g5 Nh7 37. Bxd5 Rd6 38. Be4 Nf8 39. b3 Be8 40. Bf3 Bg6 41. h5 Bf5 42. g6 Kf6 43. Kf2 Rd7 44. Rg1 Kg7 45. Bg4 Rd5 46. Kg3 Nd7 47. Bxf5 Rxf5 48. Rxe6 Nf6 49.
Re7+ Kh6 50. g7 Rxh5 51. Kf2 Rh2+ 52. Rg2 Ng4+ 53. Kf3 Rxg2 54. Kxg2 Nf6 55. Re6 Kxg7 56. Rxf6 Kxf6 57. d5 Ke5 58. c4 b5 59. axb5 axb5 60. Kf3 bxc4 61. bxc4 Kd6 62. Ke4 Kc5 63. Ke5 Kxc4 64. d6 1-0